 Dungeon Crawl Stone Soup version 0.28-a0-697-g47f3eba078 (webtiles) character file.

Game seed: 4495173027154929952

345 Demosthentine the Poker (level 6, -1/48 HPs)
             Began as a Merfolk Gladiator on Oct 23, 2021.
             Slain by a scorpion zombie (4 damage)
             ... in an ossuary.
             The game lasted 00:03:44 (2709 turns).

Demosthentine the Poker (Merfolk Gladiator)         Turns: 2709, Time: 00:03:45

Health: -1/48      AC:  5    Str: 16    XL:     6   Next: 58%
Magic:  6/6        EV: 18    Int:  8    God:
Gold:   100        SH:  0    Dex: 15    Spells: 5/5 levels left

rFire   . . .      SeeInvis .   a - +0 trident
rCold   . . .      Faith    .   (no shield)
rNeg    . . .      Spirit   .   b - +0 leather armour
rPois   .          Reflect  .   c - +1 helmet
rElec   .          Harm     .   (no cloak)
rCorr   .          Rampage  .   (no gloves)
Will    .....                   (no boots)
Stlth   +.........              (no amulet)
HPRegen 0.16/turn               e - +4 ring of evasion
MPRegen 0.10/turn               (no ring)

@: no status effects
A: (nimble swimmer 2), mertail
a: no special abilities


You were in an ossuary.
You visited 1 branch of the dungeon, and saw 4 of its levels.
You also visited: Ossuary.

You collected 110 gold pieces.
You spent 10 gold pieces at shops.

Inventory:

Hand Weapons
 a - a +0 trident (weapon)
Missiles
 d - 4 throwing nets (quivered)
Armour
 b - a +0 leather armour (worn)
 c - a +1 helmet (worn)
Jewellery
 e - a +4 ring of evasion (left hand)
 l - a +6 ring of intelligence
Scrolls
 f - a scroll of magic mapping
Potions
 i - a potion of flight


   Skills:
 + Level 4.1 Fighting
 + Level 6.3 Polearms
 - Level 2.0 Throwing
 + Level 2.2 Armour
 + Level 5.8 Dodging


You had 5 spell levels left.
You didn't know any spells.
Your spell library was empty.

Dungeon Overview and Level Annotations

Branches:
Dungeon (4/15)            Ossuary (1/1)
 Temple: D:4-7

Altars:
Ru

Shops:
D:1 =!


Innate Abilities, Weirdness & Mutations

((You are quick and stealthy near water. (Stealth+, EV+, Speed+++)))
Your lower body shifts to a powerful aquatic tail in water.


Message History

You feel sick.
There is an open door here.
You feel very sick.
You hit the scorpion.
The scorpion is lightly wounded.
You feel sick. The scorpion closely misses you.
You hit the scorpion.
The scorpion is moderately wounded.
You feel sick. The scorpion barely misses you. x2
You hit the scorpion.
The scorpion is heavily wounded.
You feel sick. The scorpion closely misses you.
You barely miss the scorpion.
The scorpion is heavily wounded.
You feel sick. The scorpion closely misses you.
You hit the scorpion.
The scorpion is severely wounded.
You feel sick. The scorpion stings you!
* * * LOW HITPOINT WARNING * * *
Okay, then.
Unknown command.
You hit the scorpion but do no damage.
The scorpion is severely wounded.
You feel sick. The scorpion misses you.
You hit the scorpion.
The scorpion is almost dead.
You feel sick.
You are no longer poisoned.
The scorpion stings you.
* * * LOW HITPOINT WARNING * * *
The scorpion closely misses you.
You hit the scorpion.
You kill the scorpion!
Your Fighting skill increases to level 4!
Unknown command.
You hit the scorpion zombie.
You destroy the scorpion zombie!
Unknown command.
You barely miss the scorpion zombie. The scorpion zombie hits you.
You die...

#####################
#...#...#...#...#??!#
#.∩.#...8...'...#!..+
#...#.......#.@.#M.?#
##'###8...8###Z######
#...#.......#...#...#
#.∩.'...8...#...8...#
#...#...#...#.......#
##############8...8##
.......# ...8...#
#...#...#


You could see a mummy and a scorpion zombie.

Vanquished Creatures
  2 scorpions (Ossuary)
  An orc priest (D:4)
  An orc wizard (D:4)
  2 scorpion zombies (Ossuary)
  Robin (D:3)
  4 gnolls (D:2)
  An adder (D:2)
  A worm (D:2)
  A dart slug (D:1)
  3 orcs (D:4)
  2 ball pythons (D:1)
  5 endoplasms
  A giant cockroach (D:2)
  9 hobgoblins
  4 jackals (D:2)
  5 kobolds
  2 quokkas
  2 bats (D:2)
  4 frilled lizards
  12 goblins
  6 rats (D:2)
69 creatures vanquished.

Notes
Turn   | Place    | Note
-------+----------+-------------------------------------------
     0 | D:1      | Demosthentine the Merfolk Gladiator began the quest for the
                  | Orb.
     0 | D:1      | Reached XP level 1. HP: 16/16 MP: 1/1
   155 | D:1      | Reached XP level 2. HP: 19/23 MP: 2/2
   240 | D:1      | Found Dumays's Distillery.
   608 | D:1      | Found Isel's Jewellery Boutique.
   714 | D:1      | Bought a potion of degeneration for 10 gold pieces
   785 | D:2      | Reached XP level 3. HP: 17/28 MP: 3/3
   830 | D:2      | Reached skill level 5 in Polearms
  1099 | D:2      | Reached skill level 1 in Armour
  1105 | D:2      | Reached XP level 4. HP: 35/35 MP: 4/4
  1291 | D:2      | Found a faded altar of an unknown god.
  1550 | D:3      | Noticed Robin
  1581 | D:3      | Killed Robin
  1582 | D:3      | Reached skill level 5 in Dodging
  1582 | D:3      | Reached XP level 5. HP: 21/41 MP: 5/5
  1772 | D:3      | Found a sacrificial altar of Ru.
  2495 | D:4      | Found a sand-covered staircase.
  2500 | Ossuary  | Entered an ossuary
  2666 | Ossuary  | Reached skill level 6 in Polearms
  2666 | Ossuary  | Reached XP level 6. HP: 47/48 MP: 6/6
  2706 | Ossuary  | HP: 2/48 [scorpion (4)]
  2709 | Ossuary  | Slain by a scorpion zombie

Illustrated notes

Levels and vault maps discovered:
D:1:      matt_arrival_refuge, layout_rooms, serial_shops, nicolae_shop_stone,
          shop, wad_floor_pattern_untrapped, minmay_strange_pillars,
          minmay_tree_intersection
D:2:      layout_rooms, hellmonk_ecumenical_altar_run_dry
D:3:      layout_loops_cross, mainiacjoe_overflow_alcove_4,
          minmay_fractal_squares_gapless_5, uniq_robin
D:4:      layout_basic, enter_ossuary_2, minmay_stone_trees_medium,
          minmay_misc_feat_pillars
Ossuary:  ossuary_minmay_scorpions

Skill      XL: |  1  2  3  4  5  6 |
---------------+-------------------+-----
Polearms       | 5 6 |  6.3
Armour         | 1 2 |  2.2
Fighting       | 3 4 |  4.1
Dodging        | 5 |  5.8
Throwing       | |  2.0

Action                   |  1- 3 |  4- 6 || total
-------------------------+-------+-------++-------
Melee: Trident           |   101 |   166 ||   267
  Use: Scroll            |     4 |     5 ||     9
       Potion            |       |     2 ||     2
 Stab: Sleeping          |     2 |     2 ||     4
Armor: Leather armour    |    23 |    20 ||    43
Dodge: Dodged            |    72 |   117 ||   189

Table legend: (Time is in decaauts)
 A = Elapsed time spent in this place.
 B = Non-inter-level travel time spent in this place.
 C = Inter-level travel time spent in this place.
 D = Time resting spent in this place.
 E = Time spent auto-exploring this place.
 F = Levels seen in this place.
 G = Mean time per level.
                   A        B        C        D        E       F      G
               +--------+--------+--------+--------+--------+-----+--------+
         Total |   2727 |   2684 |     43 |     30 |   2059 |   5 |  545.4 |
       Dungeon |   2519 |   2476 |     43 |     30 |   1896 |   4 |  629.8 |
       Ossuary |    208 |    208 |      0 |      0 |    163 |   1 |  208.0 |
               +--------+--------+--------+--------+--------+-----+--------+

Top non-repeatable levels by time:
     D:3: 880 daAuts
     D:1: 757 daAuts
     D:2: 724 daAuts
 Ossuary: 208 daAuts
     D:4: 155 daAuts
